 Dungeon Crawl Stone Soup version 0.17-a0-989-gada8a91 (console) character file.

772 Monkaria the Slasher (level 7, 0/54 HPs)
             Began as a Demonspawn Chaos Knight on May 12, 2015.
             Slain by a sky beast (6 damage)
             ... on level 5 of the Dungeon.
             The game lasted 00:05:30 (3951 turns).

Monkaria the Slasher (Demonspawn Chaos Knight)      Turns: 3951, Time: 00:05:30

Health: 0/54       AC:  6    Str: 19    XL:     7   Next: 53%
Magic:  7/7        EV: 11    Int: 13    God:    Xom [...*..]
Gold:   169        SH:  0    Dex: 13    Spells: 0 memorised, 6 levels left

rFire  + . .     SeeInvis .     a - +0 falchion (chaos)
rCold  . . .     Clarity  .     b - +2 leather armour
rNeg   . . .     SustAb   .     (no shield)
rPois  .         Gourm    .     (helmet restricted)
rElec  .         Spirit   .     (no cloak)
rCorr  .         Warding  .     (no gloves)
rMut   .         Stasis   .     p - +0 pair of boots
MR     .....                    (no amulet)
Stlth  +.........               (no ring)
                                i - +5 ring of strength

@: not resistant to hostile enchantments, very unstealthy
A: horns 2, fire resistance 1
a: Renounce Religion


You were on level 5 of the Dungeon.
You worshipped Xom.
You were a favourite toy of Xom.
You were not hungry.

You visited 1 branch of the dungeon, and saw 5 of its levels.

You collected 169 gold pieces.

Inventory:

Hand weapons
 a - a +0 falchion of chaos (weapon)
 r - a +0 long sword
Armour
 b - a +2 leather armour (worn)
 p - a +0 pair of boots (worn)
Jewellery
 i - a +5 ring of strength (left hand)
Scrolls
 g - a scroll of random uselessness {unknown}
 k - a scroll of noise {unknown}
 l - a scroll of identify
 n - a scroll of remove curse {unknown}
 o - a scroll of blinking {unknown}
 s - a scroll of fog {unknown}
 u - a scroll of magic mapping {unknown}
Potions
 d - a potion of invisibility
 e - a potion of cure mutation
 h - a potion of curing {unknown}
 j - a potion of degeneration
 q - a potion of ambrosia
Comestibles
 c - 7 bread rations
 f - 4 meat rations


   Skills:
 - Level 4.0 Fighting
 + Level 7.8 Long Blades
 - Level 1.7 Armour
 - Level 0.8 Dodging


You had 6 spell levels left.
You didn't know any spells.

Dungeon Overview and Level Annotations

Branches:
Dungeon (5/15)
 Temple: D:4-7

Altars:
Cheibriados
Dithmenos
Elyvilon
Kikubaaqudgha
Okawaru
Qazlal
Ru
Sif Muna
Trog
Xom
Yredelemnul
Zin

Shops:
D:5 (

Annotations:
D:4 Goodini51's ghost, average HuWn


Innate Abilities, Weirdness & Mutations

You have a pair of horns on your head.
Your flesh is heat resistant.


Message History

Your bat zombie barely misses something.
Something hits you but does no damage.
You miss something.
Your bat zombie closely misses something.
Your bat zombie misses something.
Something hits you.
* * * LOW HITPOINT WARNING * * *
Something shocks you.
* * * LOW HITPOINT WARNING * * *
Your bat zombie closely misses something.
Unknown command.
Unknown command.
Unknown command.
Your bat zombie hits something but does no damage.
Your bat zombie closely misses something.
Unknown command.
Something hits you.
* * * LOW HITPOINT WARNING * * *
Something shocks you.
You die... "It was about time."

. ###.....# ##.## ##... .
##.......## #..# #... .#
#.........## ##.## ##..
..### #..........###..#
##. ....##
#...>.......##.## ##
.....# #.....Z.....#.## #
.....## #.............#
......# #............##
### ......#
##......@.....# ###..
......# #............#
##.... ......#
#............# ##.....
....... #............#
##...... .......#
##...........# #.......
.......# #..........##
#.......
.........##........###
#....... #............####
#.......
#...............###.......


You could see a friendly bat zombie.

Vanquished Creatures
  Edmund (D:5)
  2 sky beasts (D:5)
  The ghost of kinazarov the Conjurer, an average DECj of Ashenzari (D:3)
  A scorpion (D:4)
  A crimson imp (D:5)
  A jelly (D:4)
  An iguana (D:5)
  3 orc wizards
  2 worker ants
  2 worker ant zombies (D:5)
  4 adders
  An adder skeleton (D:4)
  3 worms
  4 giant geckos
  4 orcs
  A bat skeleton (D:4)
  4 giant cockroaches
  10 goblins
  6 hobgoblins
  3 jackals (D:3)
  2 quokkas
  12 bats
  A giant gecko zombie (D:5)
  3 giant newts
  A jackal skeleton (D:4)
  7 kobolds
  A quokka zombie (D:5)
  5 rats
87 creatures vanquished.

Vanquished Creatures (collateral kills)
  A quokka (D:5)
1 creature vanquished.

Grand Total: 88 creatures vanquished

Notes
Turn   | Place    | Note
--------------------------------------------------------------
     0 | D:1      | Monkaria the Demonspawn Chaos Knight began the quest for the Orb.
     0 | D:1      | Reached XP level 1. HP: 18/18 MP: 1/1
    10 | D:1      | Noticed an electric eel
   271 | D:1      | XOM: divination: detect creatures
   280 | D:1      | XOM: silly message
   836 | D:1      | Gained mutation: You have a pair of small horns on your head. [demonic ancestry]
   836 | D:1      | Reached XP level 2. HP: 18/24 MP: 2/2
  1029 | D:2      | XOM: divination: magic mapping
  1121 | D:2      | Reached skill level 4 in Fighting
  1278 | D:3      | Gained mutation: You have a pair of horns on your head. [demonic ancestry]
  1278 | D:3      | Reached XP level 3. HP: 30/30 MP: 3/3
  1309 | D:3      | Found a shadowy altar of Dithmenos.
  1412 | D:3      | Noticed kinazarov's ghost (average DECj)
  1413 | D:3      | XOM: potion effect (brilliance)
  1416 | D:3      | Killed kinazarov's ghost
  1416 | D:3      | Reached XP level 4. HP: 12/37 MP: 4/4
  1446 | D:3      | XOM: harmless Erth miscast
  1530 | D:3      | XOM: potion effect (brilliance)
  1639 | D:3      | Found a snail-covered altar of Cheibriados.
  1646 | D:3      | Found a deep blue altar of Sif Muna.
  1646 | D:3      | Found a glowing silver altar of Zin.
  1646 | D:3      | Found an iron altar of Okawaru.
  1647 | D:3      | Found a bloodstained altar of Trog.
  1648 | D:3      | Found a basalt altar of Yredelemnul.
  1649 | D:3      | Found an ancient bone altar of Kikubaaqudgha.
  1704 | D:3      | XOM: harmless Fire miscast
  1770 | D:3      | XOM: divination: detect items
  1959 | D:3      | Gained mutation: Your flesh is heat resistant. [demonic ancestry]
  1959 | D:3      | Reached XP level 5. HP: 42/42 MP: 5/5
  2168 | D:4      | Reached skill level 5 in Long Blades
  2170 | D:4      | XOM: smoke on damage
  2350 | D:4      | XOM: confuse monster(s)
  2435 | D:4      | Noticed Goodini51's ghost (average HuWn)
  2451 | D:5      | Entered Level 5 of the Dungeon
  2594 | D:5      | XOM: vitrification
  2623 | D:5      | Found a white marble altar of Elyvilon.
  2643 | D:5      | XOM: confuse monster(s)
  2646 | D:5      | Reached XP level 6. HP: 38/48 MP: 6/6
  2690 | D:5      | Noticed a sky beast
  2701 | D:5      | Killed a sky beast
  2701 | D:5      | Reached skill level 6 in Long Blades
  2715 | D:5      | XOM: 3-stop teleportation journey
  2886 | D:5      | XOM: polymorph worker ant -> iguana
  2915 | D:5      | XOM: harmless Pois miscast
  2935 | D:5      | Noticed Edmund
  2942 | D:5      | XOM: polymorph iguana -> worker ant
  2958 | D:5      | Killed Edmund
  2958 | D:5      | Reached skill level 7 in Long Blades
  2958 | D:5      | Reached XP level 7. HP: 32/54 MP: 7/7
  2989 | D:5      | Noticed a sky beast
  2990 | D:5      | XOM: summons 4 friendly demons
  3004 | D:5      | Killed a sky beast
  3042 | D:5      | XOM: god gift: murky red potion
  3250 | D:5      | XOM: silly message
  3263 | D:5      | XOM: silly message
  3267 | D:5      | XOM: harmless Chrm miscast
  3331 | D:4      | XOM: potion effect (might)
  3568 | D:5      | XOM: harmless Fire miscast
  3634 | D:5      | Found Nojevop's Weapon Boutique.
  3674 | D:5      | XOM: silly message
  3675 | D:5      | Found a shimmering altar of Xom.
  3676 | D:5      | Found a stormy altar of Qazlal.
  3679 | D:5      | XOM: harmless Divn miscast
  3686 | D:5      | Found a sacrificial altar of Ru.
  3757 | D:5      | XOM: 8-stop teleportation journey
  3951 | D:5      | Slain by a sky beast

Vault maps used:
D:1:      arrival_aquarium_a, roderic_st_hans_cross, roderic_lattice_a,
          minmay_misc_feat_rugged
D:2:      minmay_surrounded
D:3:      minitemple, nicolae_dithmenos_shadow_blocks, first_bread
D:4:      minmay_temple_entry_fiery, serial_shops, nicolae_shop_behind_doors,
          wad_floor_pattern_untrapped
D:5:      old_standard_altar, gammafunk_temple_overflow_forgotten, serial_shops,
          kennysheep_mini_moat, uniq_edmund

Action                   |  1- 3 |  4- 6 |  7- 9 || total
-------------------------+-------+-------+-------++-------
Melee: Falchion          |    75 |   146 |    50 ||   271
  Use: Scroll            |       |     5 |       ||     5
       Potion            |       |     2 |       ||     2
 Stab: Confused          |       |     1 |       ||     1
       Petrifying        |       |     1 |       ||     1
  Eat: Chunk             |     1 |     6 |     3 ||    10
